 Seeded DCSS version 0.31-a0-876-gfe8ebadbca (webtiles) character file.

Game seed: 8555861203913339888 (custom seed)

26 OTABOTABOTAB the Changeling (level 2, 24/24 HPs)
             Began as a Draconian Shapeshifter on Oct 13, 2023.
             Quit the game on level 1 of the Dungeon.
             The game lasted 00:01:53 (566 turns).

OTABOTABOTAB the Changeling (Draconian Shapeshifter) Turns: 566, Time: 00:01:53

Health: 24/24      AC:  4    Str: 16    XL:     2   Next: 89%
Magic:  2/2        EV: 12    Int: 10    God:
Gold:   105        SH:  0    Dex: 10    Spells: 1/1 levels left

rFire   + .          .
                       - Unarmed
rCold   x . .        (no shield)
rNeg    . . .        (body armour unavailable)
rPois   .            (helmet currently unavailable)
rElec   .            (cloak currently unavailable)
rCorr   .            (gloves currently unavailable)
SInv    .            (boots currently unavailable)
Will    .....        (no amulet)
Stlth   +            h - ring of flight {+Fly, !d}
HPRegen 0.24/turn    f - ring of fire {rF+, rC-}
MPRegen 0.08/turn

%: no passive effects
@: about to teleport, beast-form, flying
A: beast (slay +1), AC +4, unfitting armour, cold-blooded
a: Begin Untransformation


You were on level 1 of the Dungeon.
You were a hulking beast.
You visited 1 branch of the dungeon, and saw 1 of its levels.

You collected 105 gold pieces.

Inventory:

Missiles
 s - 5 stones
Jewellery
 f - a ring of fire (right hand) {rF+, rC-}
   (You found it on level 1 of the Dungeon)
 h - a ring of flight (left hand) {+Fly, !d}
   (You found it on level 1 of the Dungeon)
Talismans
 b - a beast talisman (active)
 c - a flux talisman
Scrolls
 a - 2 scrolls of amnesia
 d - a scroll of identify {unknown}
 g - a scroll of revelation {unknown}
 j - a scroll of poison {unknown}
 Y - 2 scrolls of teleportation {@r3}
Potions
 i - a potion of mutation {unknown}
 P - a potion of lignification {!q}


   Skills:
 + Level 1.8 Fighting
 + Level 2.2 Dodging
 + Level 3.2 Unarmed Combat
 + Level 3.2 Shapeshifting


You had one spell level left.
You didn't know any spells.
Your spell library contained the following spells:

 Spells                   Type           Power      Damage    Failure   Level
 Shock                    Conj/Air       0%         1d3       36%         1
 Dazzling Flash           Conj/Hex       0%         N/A       75%         3
 Swiftness                Air            0%         N/A       75%         3
 Volatile Blastmotes      Fire/Tloc      0%         2d10      75%         3
 Airstrike                Air            0%         2d(0-16)  98%         4
 Starburst                Conj/Fire      0%         6d3       100%        6
 Maxwell's Capacitive Co  Air            0%         ∞         100%        8


Dungeon Overview and Level Annotations

Branches:
Dungeon (1/15)

Altars:


Innate Abilities, Weirdness & Mutations

You are a hulking beast.
Your limbs bulge with bestial killing power. (Slay +1)
Your plain brown scales are hard. (AC +4)
You cannot fit into any form of body armour.
You are cold-blooded and may be slowed by cold attacks.


Message History

A hobgoblin is nearby!
A hobgoblin is nearby!
You closely miss the hobgoblin. The hobgoblin misses you.
You hit the hobgoblin. The hobgoblin hits you.
You take 1 damage, and have 22/23 hp.
A hobgoblin is nearby!
You hit the hobgoblin.
You kill the hobgoblin!
A goblin comes into view. It is wielding a +0 dagger.
The goblin shouts!
The goblin moves out of view.
Health restored: 24 No target in view!
A bat comes into view.
The goblin closely misses you.
There are monsters nearby!
You hit the goblin. The goblin barely misses you.
There are monsters nearby!
You hit the goblin.
You kill the goblin!
A kobold comes into view. It is wielding a +0 short sword.
The kobold shouts!
You hit the bat. The bat closely misses you.
You hit the bat.
You kill the bat!
Unknown command.
You hit the kobold.
You kill the kobold!
No target in view!
No target in view!
Unknown command.
You see here a +0 dagger.
f - a ring of fire {rF+, rC-};
j - a scroll labelled LAUDYAXKUJ You fly up into the air.
h - a ring of flight (left hand) {+Fly, !d} You feel more attuned to fire.
f - a ring of fire (right hand) {rF+, rC-} An endoplasm comes into view.
Things that are here:
a +0 short sword; a kobold corpse The endoplasm quivers.
The endoplasm misses you.
You hit the endoplasm. The endoplasm freezes you.
You are frozen.
You take 1 damage, and have 23/24 hp.
You barely miss the endoplasm. You punch the endoplasm!
You kill the endoplasm!
No target in view!
e - 3 scrolls labelled OTUASEO BARI (gained 1)
You now have 95 gold pieces (gained 7).
A goblin comes into view. It is wielding a +0 club.
The goblin shouts!
Health restored: 24 You closely miss the goblin.
The goblin barely misses you.
You hit the goblin.
You kill the goblin!
Unknown command.
No target in view!
No target in view!
A kobold comes into view. It is wielding a +0 short sword.
The kobold shouts!
The kobold misses you.
You hit the kobold. The kobold hits you but does no damage.
You closely miss the kobold. The kobold closely misses you.
You miss the kobold. The kobold closely misses you.
You hit the kobold.
You kill the kobold!
No target in view!
Things that are here:
a +0 short sword; a kobold corpse You reach down and open the door.
There is an open door here.
You now have 105 gold pieces (gained 10).
There is an open door here.
A bat comes into view.
A bat is nearby!
The bat hits you but does no damage. The bat barely misses you.
There is an open door here.
You hit the bat but do no damage. You tail-slap the bat.
You kill the bat!
No target in view!
No target in view!
You see here a +0 leather armour.
There is an open door here.
There is an open door here.
There is an open door here.
Done exploring.
Done exploring.
Done exploring.
As you read the scroll labelled OTUASEO BARI, it crumbles to dust.
You feel strangely unstable.
It was a scroll of teleportation.
Y - 2 scrolls of teleportation
As you read the scroll labelled PAICLU UNYOT, it crumbles to dust.
It is a scroll of amnesia.
You feel forgetful for a moment.
Okay, then.
Okay, then.

..................## #........#
#.#.#.#.#.#.#.#.#..#####........#
.†..............##.....#........#
######.........^.#####.#........#
#####...........# #.##..######
#...............# #..##.†.##..
##.###...........# ##.####.##.#
...###...........### #..........
................h..# ######.###.
######.............# #.#$#.
###########...# #.###. #####
#..... ######


There were no monsters in sight!

Vanquished Creatures
  5 bats (D:1)
  3 endoplasms (D:1)
  5 goblins (D:1)
  2 hobgoblins (D:1)
  2 ball pythons (D:1)
  A frilled lizard (D:1)
  2 kobolds (D:1)
  3 rats (D:1)
23 creatures vanquished.

Notes
Turn   | Place    | Note
-------+----------+-------------------------------------------
     0 | D:1      | OTABOTABOTAB the Draconian Shapeshifter began the quest for
                  | the Orb.
     0 | D:1      | Reached XP level 1. HP: 16/16 MP: 1/1
   142 | D:1      | Reached skill level 2 in Dodging
   192 | D:1      | Reached XP level 2. HP: 18/23 MP: 2/2
   566 | D:1      | Quit the game

Illustrated notes

Levels and vault maps discovered:
D:1:      dpeg_arrival_houses_and_road, layout_rooms, st_stairs_13,
          item_on_display_a

Skill      XL: |  1 |
---------------+----+-----
Dodging        | 2 |  2.2
Fighting       | |  1.8
Unarmed Combat | |  3.2
Shapeshifting  | |  3.2

Action                     || total
---------------------------++-------
  Melee: Unarmed           ||    66
         Tailslap          ||     1
    Use: Scroll            ||     2
 Armour: Skin              ||    29
  Dodge: Dodged            ||    47

Table legend: (Time is in decaauts)
 A = Elapsed time spent in this place.
 B = Non-inter-level travel time spent in this place.
 C = Inter-level travel time spent in this place.
 D = Time resting spent in this place.
 E = Time spent auto-exploring this place.
 F = Levels seen in this place.
 G = Mean time per level.
                   A        B        C        D        E       F      G
               +--------+--------+--------+--------+--------+-----+--------+
         Total |    561 |    561 |      0 |      0 |    428 |   1 |  561.0 |
       Dungeon |    561 |    561 |      0 |      0 |    428 |   1 |  561.0 |
               +--------+--------+--------+--------+--------+-----+--------+

Top non-repeatable levels by time:
     D:1: 561 daAuts

Levels and vault maps discovered:
D:1:      dpeg_arrival_houses_and_road, layout_rooms, st_stairs_13,
          item_on_display_a

Table legend: (Time is in decaauts)
 A = Elapsed time spent in this place.
 B = Non-inter-level travel time spent in this place.
 C = Inter-level travel time spent in this place.
 D = Time resting spent in this place.
 E = Time spent auto-exploring this place.
 F = Levels seen in this place.
 G = Mean time per level.
                   A        B        C        D        E       F      G
               +--------+--------+--------+--------+--------+-----+--------+
         Total |    561 |    561 |      0 |      0 |    428 |   1 |  561.0 |
       Dungeon |    561 |    561 |      0 |      0 |    428 |   1 |  561.0 |
               +--------+--------+--------+--------+--------+-----+--------+

Top non-repeatable levels by time:
     D:1: 561 daAuts

Table legend:
 A = Kills in this place as a percentage of kills in the entire game.
 B = Kills by you in this place as a percentage of kills by you in the entire game.
 C = Kills by friends in this place as a percentage of kills by friends in the entire game.
 D = Other kills in this place as a percentage of other kills in the entire game.
 E = Experience gained in this place as a percentage of experience gained in the entire game.
 F = Experience gained in this place divided by the number of levels of this place that you have seen.
                   A       B       C       D       E      F
               +-------+-------+-------+-------+-------+----------------------
         Total | 100.0 | 100.0 |   N/A |   N/A | 100.0 |  38.0
       Dungeon | 100.0 | 100.0 |   N/A |   N/A | 100.0 |  38.0
               +-------+-------+-------+-------+-------+----------------------
